 Dungeon Crawl Stone Soup version 0.31.0-32-g396128a36d (webtiles) character file.

Game seed: 672824134357733152

9459 Bubbliscious the Cleaver (level 11, -6/86 HPs)
             Began as a Minotaur Berserker on Mar 31, 2024.
             Was a High Priest of Trog.
             Mangled by an orc knight
             ... wielding a +0 trident
              (14 damage)
             ... in a bailey.
             The game lasted 01:03:15 (7154 turns).

Bubbliscious the Cleaver (Minotaur Berserker)       Turns: 7154, Time: 01:03:16

Health: -6/86      AC: 20    Str: 24    XL:     11   Next: 23%
Magic:  10/10      EV:  8    Int:  3    God:    Trog [*****.]
Gold:   410        SH:  0    Dex: 12    Spells: 10/10 levels left

rFire   . . .        q - +4 trident (drain)
rCold   . . .        w - orb {mayhem}
rNeg    + . .        m - +0 plate armour
rPois   +            (helmet restricted)
rElec   .            Q - +2 ratskin cloak {*Rats rPois rN+ Str-1 Int-1 Dex+1}
rCorr   .            (no gloves)
SInv    .            p - +0 pair of boots
Will    ++...        u - amulet of regeneration Stlth
                     j - +4 ring of slaying
HPRegen 2.14/turn    n - +4 ring of protection
MPRegen 0.12/turn

%: mayhem
@: strong-willed, on berserk cooldown, regenerating, slowed, very slow
A: horns 2, retaliatory headbutt
a: Renounce Religion, Berserk, Trog's Hand, Brothers in Arms


You were in a bailey.
You worshipped Trog.
Trog was extremely pleased with you.
You visited 1 branch of the dungeon, and saw 9 of its levels.
You also visited: Bailey.

You collected 410 gold pieces.

Inventory:

Hand Weapons
 o - a +0 long sword of freezing
 q - a +4 trident of draining (weapon)
 v - a +4 quarterstaff of chaos
 O - a +1 spear of flaming
 P - a +1 trident of distortion
Missiles
 k - 10 boomerangs (quivered)
 K - a throwing net
Armour
 m - a +0 plate armour (worn)
 p - a +0 pair of boots (worn)
 w - an orb of mayhem (worn)
 N - a +2 scale mail of poison resistance
 Q - the +2 ratskin cloak (worn) {*Rats rPois rN+ Str-1 Int-1 Dex+1}
   (You found it on level 6 of the Dungeon)

   *Rats:     When the wearer is hurt, rats may emerge from it to assist them.
   Str-1:     It affects your strength (-1).
   Int-1:     It affects your intelligence (-1).
   Dex+1:     It affects your dexterity (+1).
   rPois:     It protects you from poison rN+: It protects you from negative
   energy.
Jewellery
 j - a +4 ring of slaying (left hand)
 n - a +4 ring of protection (right hand)
 u - an amulet of regeneration (around neck)
 y - a ring of ice
 z - a ring of protection from cold
 E - a ring of flight
Wands
 B - a wand of flame (9)
 J - a wand of light (3)
Scrolls
 e - a scroll of blinking {unknown}
 i - 2 scrolls of enchant armour {unknown}
 l - 4 scrolls of identify
 r - 3 scrolls of teleportation
 t - 6 scrolls of fear
 x - a scroll of amnesia {unknown}
 A - a scroll of immolation {unknown}
 D - a scroll of noise {unknown}
 F - a scroll of fog {unknown}
 I - a scroll of poison {unknown}
 M - a scroll of revelation {unknown}
Potions
 a - a potion of magic {unknown}
 b - 3 potions of lignification {unknown}
 c - 2 potions of heal wounds {unknown}
 d - 3 potions of brilliance
 f - 2 potions of enlightenment
 g - 3 potions of curing {unknown}
 h - a potion of mutation {unknown}
 s - 2 potions of cancellation
 G - a potion of attraction {unknown}
 L - a potion of might {unknown}


   Skills:
 - Level 5.0 Fighting
 - Level 13.7(15.7) Axes
 + Level 12.8(15.8) Polearms
 + Level 6.5(10.5) Staves
 - Level 5.0 Armour
 - Level 5.0 Dodging


You had 10 spell levels left.
You didn't know any spells.
Your spell library contained the following spells:

 Spells                   Type           Power      Damage    Failure   Level
 Blink                    Tloc           0%         N/A       100%        2
 Lesser Beckoning         Tloc           0%         N/A       100%        2
 Momentum Strike          Conj/Tloc      0%         3d8       100%        2


Dungeon Overview and Level Annotations

Branches:
Dungeon (9/15)             Temple (0/1) D:5            Lair (0/5) D:8
    Orc (0/2) D:9          Bailey (1/1)

Altars:
Dithmenos
Elyvilon
Gozag
Hepliaklqana
Kikubaaqudgha
Nemelex Xobeh
Okawaru
Qazlal
Trog
Uskayaw
Vehumet
Yredelemnul
The Shining One


Innate Abilities, Weirdness & Mutations

You have a pair of horns on your head.
You reflexively headbutt those who attack you in melee.


Message History

A red film seems to cover your vision as you go berserk!
You feel yourself moving faster!
You feel mighty!
You feel the effects of Trog's Hand fading.
The orc knight hits the orc warrior from afar with a +0 trident!!
The orc warrior dies!
Trog accepts your kill.
The orc warrior hits you with a +0 spear.
You puncture the orc warrior! You drain the orc warrior.
You kill the orc warrior!
Trog accepts your kill.
There is an open door, spattered with blood here.
Items here: )) [[ †.
You feel a strong urge to attack something.
The orc knight hits you from afar with a +0 trident!!
Items here: )) [[ †.
The orc knight barely misses you.
You feel your anger nearly subside.
You are no longer berserk.
You are exhausted.
You feel yourself slow down.
The orc knight attacks as it pursues you!
The orc knight hits you but does no damage.
Press: ? - help, v - describe, . - travel The floor.
Your skin stops crawling.
You feel less strong-willed.
The orc knight hits you but does no damage.
The orc knight hits you with a +0 trident!!
* * * LOW HITPOINT WARNING * * *
Okay, then.
Your skin crawls.
You feel strong-willed.
The orc knight hits you with a +0 trident.
* * * LOW HITPOINT WARNING * * *
The orc knight hits you with a +0 trident!
* * * LOW HITPOINT WARNING * * *
The orc knight closely misses you.
Okay, then.
Your ogre goes berserk!
The orc knight hits you but does no damage.
The orc knight hits you with a +0 trident!
You die...

#..~~..########## #
##..~~..........# ##.
#..~~~~~~~~~~.# ...
##......)...~.#
###'###)#########.~.# #
.......)## ##.~.# ##
≈≈≈≈≈≈≈..## ##..~.# .##
≈..).O≈≈..## ##..~~.# ..#
..⌠∩⌠.o@...# #..~).∩# ..#+#
...⌠...≈≈..#+#..~~.## .##.##
§...§§§≈..##.##..)~.# ##.$.#
≈§≈.§≈≈..##...##..~.# #.$$$.#
....§§§§#+.....##.).#
############+#############.).#
).......## ##.....)....~.#
)~~~~~~..## ##..~~~~~~~~~~.#
......~~).## ##..~~..........#


You could see a neutral orc knight (fast, strong, frenzied, distracted, ally
target) and a friendly ogre (summoned, berserk).

Vanquished Creatures
  A two-headed ogre (D:9)
  A centaur warrior (D:9)
  An unseen horror zombie (D:9)
  Jeremiah (D:7)
  A kobold demonologist (D:9)
  A polar bear (D:8)
  Grinder (D:4)
  A hornet (D:8)
  A vampire (D:9)
  3 wyverns
  2 water moccasins (D:5)
  Menkaure (D:5)
  3 ice beasts
  2 sky beasts
  4 orc warriors
  2 black bears (D:5)
  A hornet zombie (D:9)
  3 ogres
  5 centaurs
  A wolf (D:8)
  3 kobold brigands
  A bullfrog (D:8)
  2 gnoll sergeants (D:6)
  3 scorpions
  5 wights (D:9)
  9 killer bees (D:7)
  4 howler monkeys
  2 electric eels (D:8)
  3 centaur zombies (D:9)
  A wyvern simulacrum (D:8)
  4 jellies (D:6)
  2 bombardier beetles
  A human zombie (D:9)
  3 orc priests
  4 hounds
  Crazy Yiuf (D:3)
  2 iguanas (D:5)
  A sleepcap (D:5)
  2 orc wizards
  3 mummies (D:9)
  A killer bee simulacrum (D:8)
  A howler monkey zombie (D:9)
  6 adders
  14 gnolls
  A shadow imp (D:4)
  A howler monkey simulacrum (D:8)
  A white imp (D:7)
  5 dart slugs
  2 ribbon worms
  32 orcs
  4 ball pythons
  7 endoplasms
  A giant cockroach (D:4)
  11 goblins
  4 hobgoblins
  5 quokkas
  3 bats
  3 frilled lizards (D:3)
  16 kobolds
  3 rats
213 creatures vanquished.

Vanquished Creatures (collateral kills)
  A death yak (D:8)
  2 orc knights (Bailey)
  An orc warrior (Bailey)
  A centaur (D:7)
  2 killer bees (D:7)
  A howler monkey (D:8)
  3 orcs (Bailey)
  3 kobolds (D:9)
14 creatures vanquished.

Vanquished Creatures (others)
  An ice beast (D:5)
  A jelly (D:5)
  An ufetubus (D:8)
  An orc (D:8)
  A kobold (D:9)
5 creatures vanquished.

Grand Total: 232 creatures vanquished

Notes
Turn   | Place    | Note
-------+----------+-------------------------------------------
     0 | D:1      | Bubbliscious the Minotaur Berserker began the quest for the
                  | Orb.
     0 | D:1      | Reached XP level 1. HP: 19/19 MP: 0/0
   192 | D:1      | Reached skill level 4 in Axes
   192 | D:1      | Reached XP level 2. HP: 23/27 MP: 1/1
   330 | D:1      | Found a faded altar of an unknown god.
  1624 | D:3      | Found a runed translucent door.
  1625 | D:3      | Noticed Crazy Yiuf
  1635 | D:3      | Killed Crazy Yiuf
  1636 | D:3      | Reached skill level 5 in Axes
  1636 | D:3      | Reached XP level 3. HP: 19/33 MP: 2/2
  1714 | D:3      | Found a glowing golden altar of the Shining One.
  1795 | D:3      | Reached ** piety under Trog
  1796 | D:3      | Reached XP level 4. HP: 40/40 MP: 3/3
  2292 | D:3      | Found a bloodstained altar of Trog.
  2368 | D:4      | Reached skill level 6 in Axes
  2402 | D:4      | Reached XP level 5. HP: 46/46 MP: 4/4
  2525 | D:4      | Reached skill level 7 in Axes
  2564 | D:4      | Noticed Grinder
  2571 | D:4      | Paralysed by Grinder for 5 turns
  2593 | D:4      | Paralysed by Grinder for 3 turns
  2601 | D:4      | Killed Grinder
  2602 | D:4      | Reached skill level 8 in Axes
  2602 | D:4      | Reached XP level 6. HP: 32/52 MP: 5/5
  2906 | D:4      | Found an ancient bone altar of Kikubaaqudgha.
  2909 | D:4      | Found a hazy altar of Hepliaklqana.
  2918 | D:4      | Found an opulent altar of Gozag.
  2923 | D:4      | Found a radiant altar of Vehumet.
  2926 | D:4      | Found a stormy altar of Qazlal.
  2930 | D:4      | Found a white marble altar of Elyvilon.
  3049 | D:4      | Found a sparkling altar of Nemelex Xobeh.
  3306 | D:5      | Entered Level 5 of the Dungeon
  3311 | D:5      | Noticed Menkaure
  3318 | D:4      | Reached skill level 9 in Axes
  3364 | D:5      | Found a staircase to the Ecumenical Temple.
  3373 | D:5      | Reached XP level 7. HP: 55/59 MP: 6/6
  3407 | D:5      | Reached skill level 10 in Axes
  3592 | D:5      | Killed Menkaure
  3610 | D:5      | Reached skill level 5 in Fighting
  3633 | D:5      | Reached *** piety under Trog
  3668 | D:5      | Reached XP level 8. HP: 43/68 MP: 7/7
  3723 | D:5      | Reached skill level 5 in Armour
  3726 | D:5      | Reached skill level 5 in Dodging
  3744 | D:5      | Reached skill level 11 in Axes
  4187 | D:6      | Reached skill level 12 in Axes
  4200 | D:6      | Reached XP level 9. HP: 63/74 MP: 8/8
  4239 | D:6      | Reached **** piety under Trog
  4276 | D:6      | Reached skill level 13 in Axes
  4343 | D:6      | Found the +2 ratskin cloak {*Rats rPois rN+ Str-1 Int-1
                  | Dex+1}
  4428 | D:6      | Reached skill level 1 in Polearms
  4931 | D:7      | Noticed Jeremiah
  4932 | D:7      | Found a shadowy altar of Dithmenos.
  4941 | D:7      | Killed Jeremiah
  5181 | D:7      | Reached skill level 5 in Polearms
  5846 | D:8      | Noticed a death yak
  5856 | D:8      | Killed a death yak
  5857 | D:8      | Reached XP level 10. HP: 67/81 MP: 9/9
  6177 | D:8      | Reached skill level 10 in Polearms
  6353 | D:8      | Found a staircase to the Lair.
  6388 | D:8      | Found an iron altar of Okawaru.
  6392 | D:8      | Reached ***** piety under Trog
  6500 | D:8      | You fall into a shaft and drop 1 floor!
  6504 | D:9      | Noticed a two-headed ogre
  6511 | D:9      | Killed a two-headed ogre
  6524 | D:9      | Reached skill level 1 in Staves
  6657 | D:9      | Noticed a centaur warrior
  6662 | D:9      | Killed a centaur warrior
  6787 | D:9      | Found a basalt altar of Yredelemnul.
  6807 | D:9      | Reached skill level 5 in Staves
  6807 | D:9      | Reached XP level 11. HP: 86/86 MP: 10/10
  6897 | D:9      | Found a staircase to the Orcish Mines.
  6944 | D:9      | Found a hide-covered altar of Uskayaw.
  6996 | D:9      | Found a flagged portal.
  7018 | Bailey   | Entered a bailey
  7126 | Bailey   | Noticed an orc knight
  7134 | Bailey   | Noticed an orc knight
  7134 | Bailey   | Noticed an orc knight
  7139 | Bailey   | Killed an orc knight
  7143 | Bailey   | Killed an orc knight
  7153 | Bailey   | HP: 4/86 [orc knight/+0 trident (9)]
  7154 | Bailey   | Mangled by an orc knight

Illustrated notes

Levels and vault maps discovered:
D:1:      psy_arrival_whirlpool, layout_basic,
          dreamdust_ecumenical_altar_hidden_monk_grotto, grunt_decor_clamped,
          hex_intersection
D:2:      layout_loops_ring
D:3:      layout_loops_cross, trog_hazing_becter, tso_oasis_becter,
          uniq_crazy_yiuf_cottage
D:4:      layout_loops_ring, mainiacjoe_overflow_small_starburst,
          nicolae_overflow_hallway_of_the_gods, minmay_misc_feat_rugged,
          uniq_grinder
D:5:      cheibrodos_barr_body, layout_loops_ring, temple_green,
          lemuel_flamethrower_2, uniq_menkaure
D:6:      layout_rooms, kennysheep_minor_cross
D:7:      layout_basic, lemuel_round_altar, uniq_jeremiah
D:8:      layout_loops_ring, okawaru_altar_gauntlet_db, lair_entry_dummy,
          serial_ice, serial_ice_d, serial_ice_h, serial_ice_n, serial_ice_e,
          serial_ice_k, serial_ice_a
D:9:      layout_loops_cross, lemuel_mausoleum_altar_yredelemnul,
          marbit_many_paths, orc_0_dummy, enter_bailey_4, hangedman_glass_teeth
Bailey:   bailey_polearm_1, bailey

Skill      XL: |  1  2  3  4  5  6  7  8  9 10 11 |
---------------+----------------------------------+-----
Axes           | 4 5 6 8 9 10 12 13 | 13.7
Fighting       | 4 5 |  5.0
Armour         | 4 5 |  5.0
Dodging        | 3 5 |  5.0
Polearms       | 8 12 | 12.8
Staves         | 5 6 |  6.5

Action                     |  1- 3 |  4- 6 |  7- 9 | 10-12 || total
---------------------------+-------+-------+-------+-------++-------
  Melee: Hand axe          |    61 |    83 |    23 |       ||   167
         Headbutt          |     9 |    11 |    35 |    38 ||    93
         Punch             |     1 |     1 |     1 |       ||     3
         War axe           |       |       |   102 |       ||   102
         Trident           |       |       |    46 |   189 ||   235
         Quarterstaff      |       |       |    30 |       ||    30
 Invoke: Berserk           |     1 |       |     3 |     1 ||     5
         Trog's Hand       |       |       |     2 |     5 ||     7
         Brothers in Arms  |       |       |       |     1 ||     1
    Use: Scroll            |       |       |     3 |       ||     3
         Potion            |       |       |     2 |       ||     2
   Stab: Sleeping          |     1 |       |       |       ||     1
         Distracted        |       |       |       |     2 ||     2
 Armour: Animal skin       |    11 |       |       |       ||    11
         Scale mail        |    11 |    63 |   125 |       ||   199
         Plate armour      |       |       |    60 |   168 ||   228
  Dodge: Dodged            |    17 |    46 |   114 |    73 ||   250
